 Dungeon Crawl Stone Soup version 0.31-a0-152-g6aa68a64a1 (webtiles) character file.

Game seed: 17105571098124877541

207 qw the Shooter (level 5, 0/49 HPs)
             Began as a Naga Hunter on June 9, 2023.
             Slain by Duvessa
             ... wielding a +2 short sword of flaming
              (6 damage)
             ... on level 4 of the Dungeon.
             The game lasted 00:00:49 (2178 turns).

qw the Shooter (Naga Hunter)                        Turns: 2178, Time: 00:00:50

Health: 0/49       AC:  6    Str: 13    XL:     5   Next: 85%
Magic:  5/5        EV:  9    Int:  9    God:
Gold:   134        SH:  0    Dex: 17    Spells: 4/4 levels left

rFire   . . .        Y - +2 shortbow
rCold   . . .        (shield currently unavailable)
rNeg    . . .        c - +0 leather armour
rPois   +            (no helmet)
rElec   .            a - +2 cloak
rCorr   .            (no gloves)
SInv    +            (no barding)
Will    .....        (no amulet)
Stlth   +            (no ring)
HPRegen 0.28/turn    (no ring)
MPRegen 0.09/turn

%: no passive effects
@: lit by a corona, about to teleport, short of breath, glowing, very slow
A: AC +1, large, see invisible, deformed body, poison resistance, slowness 2,
spit poison 1, naga tail 1
a: Spit Poison


You were on level 4 of the Dungeon.
You visited 1 branch of the dungeon, and saw 4 of its levels.

You collected 134 gold pieces.


Innate Abilities, Weirdness & Mutations

Your serpentine skin is tough. (AC +1)
You have supernaturally acute eyesight. (SInv)
Armour fits poorly on your strangely shaped body.
Your system is resistant to poisons. (rPois)
You cover ground very slowly.
You can spit poison.
You have a snake-like lower body.


   Skills:
 - Level 3.2 Fighting
 + Level 5.8 Ranged Weapons
 - Level 1.5 Dodging
 - Level 1.5 Stealth


You had 4 spell levels left.
You didn't know any spells.
Your spell library was empty.

Inventory:

Hand Weapons
 Y - a +2 shortbow (weapon)
Armour
 a - a +2 cloak (worn)
 c - a +0 leather armour (worn)
Scrolls
 b - a scroll of teleportation
 f - 2 scrolls of enchant armour
 j - 2 scrolls of identify
 k - a scroll of summoning {unknown}
 o - a scroll of poison {unknown}
Potions
 d - a potion of might {unknown}
 e - a potion of haste {unknown}
 g - a potion of cancellation {unknown}
 h - a potion of curing {unknown}
 i - a potion of resistance {unknown}
 l - a potion of degeneration {unknown}
 m - a potion of attraction {unknown}
 n - a potion of berserk rage {unknown}

Dungeon Overview and Level Annotations

Branches:
Dungeon (4/15)
 Temple: D:4-7

Altars:
Vehumet
Yredelemnul

Shops:
D:2 (=

Annotations:
D:4 1 runed translucent door, Dowan, Duvessa


Message History

You shoot an arrow. The arrow hits the ufetubus.
You kill the ufetubus!
Duvessa hits you but does no damage.
You shoot an arrow.
The arrow hits Duvessa but does no damage.
Duvessa is lightly wounded.
Dowan closely misses you.
Duvessa hits you with a +2 short sword of flaming!
Duvessa burns you.
You shoot an arrow. The arrow hits Duvessa.
Duvessa is moderately wounded.
Dowan hits you with a +0 dagger. Duvessa barely misses you.
You shoot an arrow. The arrow barely misses Duvessa.
You have got your breath back.
Dowan points at you and mumbles some strange words.
You resist with some effort.
Duvessa hits you with a +2 short sword of flaming.
Duvessa burns you.
Dowan casts a spell.
Dowan blinks!
Duvessa hits you with a +2 short sword of flaming.
Duvessa burns you.
2176 ||| READING 2 scrolls of teleportation.
As you read the scroll of teleportation, it crumbles to dust.
You feel strangely unstable. Duvessa barely misses you.
2177 ||| INVOKING Spit Poison.
Aiming: Spit Poison (1% risk of failure)
Press: ? - help, Shift-Dir - straight line, f/p - Duvessa The splash of poison misses Duvessa.
Duvessa closely misses you. Dowan gestures at you while chanting.
You are outlined in light.
You shoot an arrow.
The arrow hits Duvessa but does no damage.
Duvessa is moderately wounded.
Dowan points at you and mumbles some strange words.
The puff of frost hits you but does no damage.
Duvessa hits you with a +2 short sword of flaming.
You die...

###########
..e..e....######
#.######.# ##...##
.......@e###.....##
.#######.##.......#
#....###.....##
.....##..###%..##
.### #e...###.#
#.###..#%#
#...)..%.# #####
#......#.#####.#..
#.#............(..


You could see Duvessa and Dowan.

Vanquished Creatures
  A vampire bat (D:4)
  Jessica (D:3)
  An iguana (D:4)
  4 adders
  A gnoll (D:1)
  An ufetubus (D:4)
  A worm (D:2)
  6 endoplasms
  A giant cockroach (D:2)
  7 goblins
  6 hobgoblins
  4 jackals
  A quokka (D:3)
  9 ball pythons
  9 bats
  3 frilled lizards
  2 kobolds (D:1)
  2 kobold skeletons (D:4)
  4 rats (D:1)
64 creatures vanquished.

Notes
Turn   | Place    | Note
-------+----------+-------------------------------------------
     0 | D:1      | qw the Naga Hunter began the quest for the Orb.
     0 | D:1      | Reached XP level 1. HP: 19/19 MP: 1/1
     0 | D:1      | 0 ||| qw: Version: 0.2-a-122-gbc61b45
     0 | D:1      | 0 ||| qw: Game counter: 3438
     0 | D:1      | 0 ||| qw: Always use a shield: true
     0 | D:1      | 0 ||| qw: God list: Okawaru
     0 | D:1      | 0 ||| qw: Allow faded altars: false
     0 | D:1      | 0 ||| qw: Do Orc after D:15 true
     0 | D:1      | 0 ||| qw: Do second Lair branch before Depths: true
     0 | D:1      | 0 ||| qw: Lair rune preference: random
     0 | D:1      | 0 ||| qw: Plans: Normal
     0 | D:1      | 0 ||| PLANNING D:1-11
    63 | D:1      | 63 ||| INVOKING Spit Poison.
    68 | D:1      | 68 ||| INVOKING Spit Poison.
   108 | D:1      | 108 ||| INVOKING Spit Poison.
   123 | D:1      | 123 ||| INVOKING Spit Poison.
   126 | D:1      | Reached skill level 4 in Ranged Weapons
   126 | D:1      | Reached XP level 2. HP: 24/26 MP: 2/2
   148 | D:1      | 148 ||| INVOKING Spit Poison.
   182 | D:1      | 182 ||| INVOKING Spit Poison.
   187 | D:1      | 187 ||| INVOKING Spit Poison.
   191 | D:1      | 191 ||| INVOKING Spit Poison.
   213 | D:1      | 213 ||| INVOKING Spit Poison.
   217 | D:1      | 217 ||| INVOKING Spit Poison.
   220 | D:1      | Reached XP level 3. HP: 32/32 MP: 3/3
   370 | D:1      | 370 ||| INVOKING Spit Poison.
   374 | D:1      | 374 ||| INVOKING Spit Poison.
   379 | D:1      | 379 ||| INVOKING Spit Poison.
   487 | D:1      | 487 ||| INVOKING Spit Poison.
   493 | D:1      | 493 ||| INVOKING Spit Poison.
   518 | D:1      | Found a faded altar of an unknown god.
   799 | D:1      | 799 ||| READING scroll labelled HOAR DASULUJA.
   800 | D:1      | 800 ||| READING scroll labelled QATEAVOAHI.
   801 | D:1      | 801 ||| READING 2 scrolls labelled CUAGYI ORCHO.
   802 | D:1      | 802 ||| READING scroll labelled RIPHIF RAR.
   806 | D:1      | 806 ||| READING scroll labelled HAGUFUDWADD.
   807 | D:1      | 807 ||| READING scroll labelled BUTUNE NIEL.
   808 | D:1      | 808 ||| DROPPING scroll of butterflies.
   809 | D:1      | 809 ||| DROPPING scroll of immolation.
   827 | D:2      | 827 ||| INVOKING Spit Poison.
   841 | D:2      | 841 ||| INVOKING Spit Poison.
   857 | D:2      | 857 ||| INVOKING Spit Poison.
   869 | D:2      | Found Erir's Jewellery Shoppe.
   872 | D:2      | 872 ||| SHOPLISTING +4 ring of protection (504 gold, have
                  | 51).
   872 | D:2      | 872 ||| SHOPLISTING +6 ring of dexterity (504 gold, have
                  | 51).
   872 | D:2      | 872 ||| SHOPLISTING amulet of the acrobat (420 gold, have
                  | 51).
   872 | D:2      | 872 ||| SHOPLISTING ring "Laremese" {rElec rF+ rC- rN+
                  | Int+8} (711 gold, have 51).
   872 | D:2      | 872 ||| SHOPLISTING ring of ice (350 gold, have 51).
   872 | D:2      | 872 ||| SHOPLISTING ring of positive energy (280 gold, have
                  | 51).
   951 | D:2      | 951 ||| INVOKING Spit Poison.
   952 | D:2      | Reached skill level 5 in Ranged Weapons
   952 | D:2      | Reached XP level 4. HP: 39/39 MP: 4/4
   954 | D:2      | 954 ||| INVOKING Spit Poison.
   986 | D:2      | 986 ||| INVOKING Spit Poison.
   991 | D:2      | 991 ||| INVOKING Spit Poison.
  1132 | D:2      | Found Ziyhihug's Antique Weapon Shop.
  1133 | D:2      | 1133 ||| INVOKING Spit Poison.
  1136 | D:2      | 1136 ||| INVOKING Spit Poison.
  1199 | D:2      | 1199 ||| INVOKING Spit Poison.
  1220 | D:2      | 1220 ||| INVOKING Spit Poison.
  1234 | D:2      | 1234 ||| UPGRADING to +2 cloak.
  1239 | D:2      | 1239 ||| READING scroll labelled DUTHRO SAYLOI.
  1240 | D:2      | 1240 ||| READING 3 scrolls labelled MUGHERPHEDEO.
  1241 | D:2      | 1241 ||| READING scroll labelled MUETRE XEEN.
  1327 | D:3      | Noticed Jessica
  1328 | D:3      | 1328 ||| INVOKING Spit Poison.
  1333 | D:3      | Killed Jessica
  1334 | D:3      | Reached skill level 3 in Fighting
  1423 | D:3      | 1423 ||| INVOKING Spit Poison.
  1424 | D:3      | Reached XP level 5. HP: 49/49 MP: 5/5
  1467 | D:3      | 1467 ||| INVOKING Spit Poison.
  1595 | D:3      | Found a radiant altar of Vehumet.
  1935 | D:3      | 1935 ||| DROPPING ring of magical power.
  1945 | D:3      | 1945 ||| READING scroll labelled HOYCKO QOTI.
  1984 | D:4      | 1984 ||| PLANNING OSSUARY
  1986 | D:4      | 1986 ||| INVOKING Spit Poison.
  1989 | D:4      | 1989 ||| INVOKING Spit Poison.
  2038 | D:4      | 2038 ||| INVOKING Spit Poison.
  2055 | D:4      | Noticed a human
  2056 | D:4      | Found a runed translucent door.
  2066 | D:4      | 2066 ||| INVOKING Spit Poison.
  2072 | D:4      | 2072 ||| INVOKING Spit Poison.
  2113 | D:4      | Found a basalt altar of Yredelemnul.
  2130 | D:4      | 2130 ||| INVOKING Spit Poison.
  2133 | D:4      | 2133 ||| INVOKING Spit Poison.
  2141 | D:4      | 2141 ||| INVOKING Spit Poison.
  2148 | D:4      | 2148 ||| READING scroll of enchant weapon.
  2148 | D:4      | 2148 ||| ENCHANTING +1 shortbow.
  2164 | D:4      | Noticed Duvessa
  2164 | D:4      | Noticed Dowan
  2165 | D:4      | 2165 ||| INVOKING Spit Poison.
  2166 | D:4      | 2166 ||| Stepping ~*~*~tactically~*~*~ (outnumbered).
  2171 | D:4      | 2171 ||| INVOKING Spit Poison.
  2175 | D:4      | HP: 10/49 [Duvessa/+2 short sword of flaming (5)]
  2176 | D:4      | 2176 ||| READING 2 scrolls of teleportation.
  2177 | D:4      | 2177 ||| INVOKING Spit Poison.
  2178 | D:4      | Slain by Duvessa

Levels and vault maps discovered:
D:1:      dpeg_arrival_water_fire, layout_basic,
          hellmonk_ecumenical_altar_inner_sanctum, chequers_garden,
          hex_intersection
D:2:      layout_rooms, serial_shops, nicolae_shop_rolling_square,
          nicolae_shop_behind_doors
D:3:      cheibrodos_helix_gallery, layout_basic, general_overflow_altar,
          uniq_jessica
D:4:      layout_rooms, zin_treasury, lemuel_round_altar, dk_yredelemnul_ordeal,
          enter_ossuary_2, grunt_ministairs_6, roderic_batcave, uniq_duvessa

Skill      XL: |  1  2  3  4 |
---------------+-------------+-----
Ranged Weapons | 4 5 |  5.8
Fighting       | 3 |  3.2
Dodging        | |  1.5
Stealth        | |  1.5

Action                     |  1- 3 |  4- 6 || total
---------------------------+-------+-------++-------
   Fire: Shortbow          |    63 |    55 ||   118
Ability: Spit Poison       |    19 |    21 ||    40
    Use: Scroll            |     6 |     6 ||    12
 Armour: Leather armour    |    10 |    14 ||    24
  Dodge: Dodged            |    12 |    24 ||    36

Table legend:
 A = Non-vault XP
 B = Vault XP
 C = Vault XP percentage of total XP
 D = Non-vault monster count
 E = Vault monster count
 F = Vault count percentage of total count
                 A         B        C        D         E       F
            +---------+---------+-------+---------+---------+-------
      Total |     190 |     107 |  36.0 |      51 |      13 |  20.3
            +---------+---------+-------+---------+---------+-------
        D:1 |      57 |       0 |   0.0 |      28 |       0 |   0.0
        D:2 |      65 |       0 |   0.0 |      14 |       0 |   0.0
        D:3 |       6 |      41 |  87.2 |       3 |       3 |  50.0
        D:4 |      62 |      66 |  51.6 |       6 |      10 |  62.5
            +---------+---------+-------+---------+---------+-------
